Map: Odyssey LE

Players

Lambo

  • Race: Zerg Zerg
  • Spawn Location: 11:00

Cloudy - Winner!

  • Race: Protoss Protoss
  • Spawn Location: 5:00

Event: WCS Valencia 2017

VOD

Have the link to the VOD?

Description

Time

  • Played on: July 13, 2017, 1:37 p.m.
  • Length: 6:55

All games in this series

Show
View Real Time Build Order
Export as new Build Order

Lambo Zerg 

Build Orders: Hatch First 

Get SALT Encoding   

  12  0:01  Drone  
  13  0:13  Overlord  
  13  0:17  Drone  
  14  0:31  Drone x2  
  16  0:36  Drone  
  17  0:52  Hatchery  
  17  0:55  Drone  
  17  0:58  Drone  
  18  1:09  Extractor  
  17  1:13  Spawning Pool  
  17  1:16  Drone  
  17  1:19  Drone  
  18  1:29  Drone  
  19  1:41  Overlord  
  19  1:51  Drone  
  20  2:00  Queen  
  20  2:01  Zergling x2  
  23  2:03  Queen  
  23  2:04  Zergling x2  
  23  2:08  Metabolic Boost  
  26  2:12  Drone  
  26  2:14  Drone  
  28  2:23  Drone  
  28  2:26  Drone  
  30  2:38  Hatchery  
  30  2:41  Drone  
  30  2:45  Pneumatized Carapace  
  30  2:48  Drone  
  31  2:55  Drone  
  32  2:59  Overlord  
  32  3:00  Drone x2  
  34  3:11  Overlord  
  34  3:13  Drone x2  
  34  3:18  Overlord  
  36  3:29  Queen, Drone x2  
  36  3:30  Drone  
  36  3:31  Drone x2  
  36  3:32  Overlord  
  43  3:41  Drone  
  44  3:43  Drone x4  
  44  3:45  Evolution Chamber  
  47  3:53  Overlord  
  46  3:56  Drone x2  
  46  3:58  Queen  
  50  4:03  Drone  
  50  4:07  Drone x2  
  53  4:11  Extractor  
  53  4:12  Zerg Melee Weapons Level 1  
  53  4:13  Drone x3  
  53  4:16  Drone x2  
  57  4:20  Queen  
  57  4:21  Overlord  
  59  4:27  Spore Crawler x2  
  59  4:28  Spore Crawler  
  57  4:31  Zergling x4  
  57  4:36  Queen  
  60  4:38  Zergling x6  
  60  4:43  Zergling x2  
  60  4:44  Zergling x6  
  67  4:48  Zergling x6  
  70  4:53  Lair  
  70  4:54  Zergling x4  
  70  4:58  Overlord  
  72  5:02  Overlord  
  72  5:04  Overlord  
  72  5:11  Drone x3  
  75  5:15  Baneling Nest  
  75  5:17  Drone x3  
  77  5:25  Drone x4  
  77  5:26  Drone  
  82  5:37  Drone x3  
  82  5:41  Overlord  
  85  5:43  Drone  
  85  5:45  Extractor  
  85  5:46  Extractor, Zergling x2  
  85  5:49  Zergling x6  
  87  5:52  Zergling x2  
  87  5:56  Zergling x2  
  78  5:57  Zergling x2  
  78  5:58  Zergling x2  
  78  6:02  Zergling x12  
  76  6:07  Baneling x5  
  76  6:09  Zergling x2, Spine Crawler  
  76  6:10  Baneling x3  
  74  6:12  Spine Crawler  
  74  6:14  Zergling x4, Spine Crawler  
  66  6:20  Baneling x3  
  66  6:25  Zergling x6  
  53  6:29  Zergling x2  
  53  6:30  Zergling x4  
  44  6:33  Zergling x8  
  44  6:34  Zergling x2  
  44  6:38  Zergling x2  
Show
View Real Time Build Order
Export as new Build Order

Cloudy Protoss - Winner!

Build Orders: Nexus First, Zealot Archon, Dark Templar Rush 

Get SALT Encoding   

  12  0:01  Probe (Chrono Boost)  
  13  0:12  Probe (Chrono Boost)  
  14  0:18  Pylon  
  14  0:22  Probe (Chrono Boost)  
  15  0:36  Probe (Chrono Boost)  
  16  0:47  Probe (Chrono Boost)  
  17  0:57  Nexus  
  17  1:08  Gateway  
  17  1:12  Probe (Chrono Boost)  
  17  1:18  Assimilator  
  18  1:23  Probe (Chrono Boost)  
  19  1:25  Assimilator  
  19  1:33  Probe (Chrono Boost)  
  20  1:43  Pylon  
  20  1:44  Probe (Chrono Boost)  
  21  1:54  Probe (Chrono Boost)  
  21  1:55  Cybernetics Core  
  22  2:05  Zealot (Chrono Boost), Probe (Chrono Boost)  
  25  2:09  Probe  
  26  2:16  Probe (Chrono Boost)  
  26  2:21  Probe (Chrono Boost)  
  28  2:28  Probe (Chrono Boost)  
  29  2:32  Mothership Core (Chrono Boost)  
  29  2:35  Stalker (Chrono Boost)  
  33  2:37  Warp Gate  
  33  2:39  Probe  
  34  2:48  Twilight Council  
  34  2:52  Probe  
  34  2:53  Probe  
  36  3:04  Probe (Chrono Boost)  
  37  3:08  Robotics Facility  
  37  3:12  Probe (Chrono Boost)  
  38  3:15  Probe (Chrono Boost)  
  39  3:22  Probe (Chrono Boost)  
  39  3:25  Probe (Chrono Boost)  
  41  3:28  Dark Shrine  
  41  3:33  Probe (Chrono Boost)  
  42  3:36  Probe (Chrono Boost)  
  42  3:40  Pylon  
  43  3:43  Probe (Chrono Boost)  
  44  3:49  Gateway  
  44  3:51  Gateway  
  44  3:57  Gateway  
  44  3:58  Warp Prism (Chrono Boost)  
  44  4:02  Charge (Chrono Boost)  
  46  4:04  Assimilator  
  46  4:06  Assimilator  
  46  4:13  Pylon, Probe  
  48  4:22  Gateway  
  48  4:23  Gateway  
  47  4:29  Gateway  
  47  4:39  Gateway  
  47  4:51  Pylon  
  46  5:04  Dark Templar x3  
  46  5:05  Dark Templar  
  54  5:08  Archon  
  54  5:09  Archon  
  54  5:22  Pylon  
  54  5:37  Zealot x7  
  54  5:38  Zealot  
  54  5:42  Pylon  
  70  5:44  Pylon  
  70  5:58  Zealot x2  
  70  5:59  Zealot x2  
  70  6:00  Zealot x4  
  84  6:27  Zealot x5, Stalker  
Tags
 
Add a new tag
Caveats
  • Supply blocks, unpowered buildings, or Contaminate may cause inaccurate times.
  • Supply counts are checked every 10 seconds.